 Dungeon Crawl Stone Soup version 0.29.1-2-gbd0b4ee654 (webtiles) character file.

Game seed: 8728646902855532553

63 qeuew the Skirmisher (level 4, -5/38 HPs)
             Began as a Gnoll Hunter on Nov 4, 2022.
             Slain by Sigmund
             ... wielding a +0 scythe of freezing
              (9 damage)
             ... on level 4 of the Dungeon.
             The game lasted 00:03:51 (1716 turns).

qeuew the Skirmisher (Gnoll Hunter)                 Turns: 1716, Time: 00:03:52

Health: -5/38      AC:  6    Str:  8 (10) XL:     4   Next: 9%
Magic:  14/14      EV: 11    Int:  5 (8)  God:
Gold:   222        SH:  5    Dex: 15 (18) Spells: 5/5 levels left

rFire   . . .      SeeInvis .   h - +2 short sword (speed)
rCold   + . .      Faith    .   (no shield)
rNeg    . . .      Spirit   .   g - +0 ring mail {rC+}
rPois   .          Reflect  +   (no helmet)
rElec   .          Harm     .   (no cloak)
rCorr   .          Rampage  .   b - +0 pair of gloves
Will    .....                   (no boots)
Stlth   ++........              e - amulet of reflection
HPRegen 0.12/turn               f - ring of magical power
MPRegen 0.14/turn               (no ring)

@: no status effects
A: fangs 1, strong nose, distributed training
a: no special abilities


You were on level 4 of the Dungeon.
You visited 1 branch of the dungeon, and saw 4 of its levels.

You collected 222 gold pieces.

Inventory:

Hand Weapons
 a - a +0 shortbow
 h - a +2 short sword of speed (weapon)
Armour
 b - a +0 pair of gloves (worn)
 g - a +0 ring mail of cold resistance (worn)
Jewellery
 e - an amulet of reflection (around neck)
 f - a ring of magical power (left hand)
Scrolls
 c - a scroll of acquirement
 i - a scroll of teleportation


   Skills:
 + Level 4.6 Fighting
 + Level 1.1 Short Blades
 + Level 1.1 Long Blades
 + Level 1.1 Axes
 + Level 1.1 Maces & Flails
 + Level 1.1 Polearms
 + Level 1.1 Staves
 + Level 8.5 Ranged Weapons
 + Level 1.1 Throwing
 + Level 1.1 Armour
 + Level 4.6 Dodging
 + Level 2.5 Stealth
 + Level 1.1 Shields
 + Level 1.1 Unarmed Combat
 + Level 1.1 Spellcasting
 + Level 0.8 Conjurations
 + Level 0.8 Hexes
 + Level 0.8 Summonings
 + Level 0.8 Necromancy
 + Level 0.8 Translocations
 + Level 0.8 Transmutations
 + Level 0.8 Fire Magic
 + Level 0.8 Ice Magic
 + Level 0.8 Air Magic
 + Level 0.8 Earth Magic
 + Level 0.8 Poison Magic
 + Level 1.2 Invocations
 + Level 1.1 Evocations


You had 5 spell levels left.
You didn't know any spells.
Your spell library contained the following spells:

 Spells                   Type           Power      Damage    Failure   Level
 Confusing Touch          Hex            1%         N/A       97%         3
 Ozocubu's Armour         Ice            1%         N/A       97%         3
 Yara's Violent Unravell  Hex/Tmut       0%         3d3       100%        5
 Enfeeble                 Hex            0%         N/A       100%        7
 Ozocubu's Refrigeration  Ice            0%         4d7       100%        7


Dungeon Overview and Level Annotations

Branches:
Dungeon (4/15)
 Temple: D:4-7

Altars:

Annotations:
D:4 Sigmund


Innate Abilities, Weirdness & Mutations

You have very sharp teeth.
Your uncanny sense of smell can sniff out nearby items.
Your experience applies equally to all skills.


Message History

Sigmund is moderately wounded.
Sigmund hits you from afar with a +0 scythe of freezing!
Sigmund freezes you.
You shoot an arrow. The arrow closely misses Sigmund.
You block Sigmund's attack.
You shoot an arrow. The arrow barely misses Sigmund.
Sigmund hits you but does no damage.
You shoot an arrow. The arrow hits Sigmund.
Sigmund is moderately wounded.
You shoot an arrow. The arrow barely misses Sigmund.
Sigmund gestures at you while chanting.
You are confused.
You shoot an arrow.
Sigmund points at you and mumbles some strange words.
The magic dart hits you.
Sigmund casts a spell.
Sigmund flickers and vanishes!
Deactivating autopickup; reactivate with Ctrl-A.
You're too confused to move!
Something hits you but does no damage.
Your hands tingle!
h - a +2 short sword of speed (weapon)
You bump into the rock wall.
Something hits you! Something freezes you.
You bump into the rock wall.
You bump into the rock wall.
You feel less confused. Something hits you.
* * * LOW HITPOINT WARNING * * *
You feel better. Something hits you but does no damage.
Okay, then.
You see here a +1 dagger of draining.
You block something's attack.
You see here a +1 dagger of draining.
Something hits you.
You miss something. Your punch misses something. Something hits you!
* * * LOW HITPOINT WARNING * * *
Something freezes you.
* * * LOW HITPOINT WARNING * * *
You hit something. You bite something. You barely miss something.
Your bite misses something. Something hits you!
You die...

... ..# ## ... ..
#.# .## #.#...
#######.#.#.#
...<........#
......{@# #
.######.#.#
...#)#.# ##
####.#.#.#
..#........#
.#........#
...[..#.#.# #
#.#.##.####.#.#.###
#.#>##.####.#......


There were no monsters in sight!

Vanquished Creatures
  2 worms (D:2)
  A dart slug (D:2)
  7 ball pythons
  6 endoplasms
  2 giant cockroaches
  3 goblins
  4 hobgoblins
  4 jackals
  A quokka (D:2)
  6 bats
  4 frilled lizards
  7 kobolds
  A rat (D:1)
48 creatures vanquished.

Notes
Turn   | Place    | Note
-------+----------+-------------------------------------------
     0 | D:1      | qeuew the Gnoll Hunter began the quest for the Orb.
     0 | D:1      | Reached XP level 1. HP: 20/20 MP: 1/1
   260 | D:1      | Reached XP level 2. HP: 26/26 MP: 2/2
   325 | D:1      | Found a faded altar of an unknown god.
   664 | D:1      | Identified a scroll of acquirement
   733 | D:2      | Reached XP level 3. HP: 31/31 MP: 3/3
   807 | D:2      | Reached skill level 1 in Invocations
  1038 | D:2      | Reached skill level 1 in Short Blades
  1038 | D:2      | Reached skill level 1 in Long Blades
  1038 | D:2      | Reached skill level 1 in Axes
  1038 | D:2      | Reached skill level 1 in Maces & Flails
  1038 | D:2      | Reached skill level 1 in Polearms
  1038 | D:2      | Reached skill level 1 in Staves
  1038 | D:2      | Reached skill level 1 in Throwing
  1038 | D:2      | Reached skill level 1 in Armour
  1038 | D:2      | Reached skill level 1 in Shields
  1038 | D:2      | Reached skill level 1 in Unarmed Combat
  1038 | D:2      | Reached skill level 1 in Spellcasting
  1038 | D:2      | Reached skill level 1 in Evocations
  1237 | D:3      | Reached XP level 4. HP: 38/38 MP: 5/5
  1695 | D:4      | Noticed Sigmund
  1716 | D:4      | Slain by Sigmund

Illustrated notes

Levels and vault maps discovered:
D:1:      zaba_arrival_water, layout_rooms, nicolae_ecumenical_snake_handling,
          serial_rivers, chequers_serial_rivers_micro_e,
          chequers_serial_rivers_micro_d, chequers_serial_rivers_small_3,
          chequers_serial_rivers_large_a, chequers_serial_rivers_micro_b,
          minmay_misc_feat_more_columns, nicolae_figureground_sparkle
D:2:      layout_basic, minmay_pentomino_v4
D:3:      layout_rooms
D:4:      layout_basic, minmay_temple_entry_ruins, uniq_sigmund, uniq_robin

Skill      XL: |  1  2  3 |
---------------+----------+-----
Invocations    | 1 |  1.2
Short Blades   | 1 |  1.1
Long Blades    | 1 |  1.1
Axes           | 1 |  1.1
Maces & Flails | 1 |  1.1
Polearms       | 1 |  1.1
Staves         | 1 |  1.1
Throwing       | 1 |  1.1
Armour         | 1 |  1.1
Shields        | 1 |  1.1
Unarmed Combat | 1 |  1.1
Spellcasting   | 1 |  1.1
Evocations     | 1 |  1.1
Fighting       | |  4.6
Ranged Weapons | |  8.5
Dodging        | |  4.6
Stealth        | |  2.5
Conjurations   | |  0.8
Hexes          | |  0.8
Summonings     | |  0.8
Necromancy     | |  0.8
Translocations | |  0.8
Transmutations | |  0.8
Fire Magic     | |  0.8
Ice Magic      | |  0.8
Air Magic      | |  0.8
Earth Magic    | |  0.8
Poison Magic   | |  0.8

Action                   |  1- 3 |  4- 6 || total
-------------------------+-------+-------++-------
Melee: Short sword       |       |     3 ||     3
       Bite              |       |     1 ||     1
 Fire: Shortbow          |    89 |    24 ||   113
  Use: Scroll            |     4 |     1 ||     5
       Potion            |     1 |     3 ||     4
Armor: Leather armour    |     1 |       ||     1
       Ring mail         |     6 |     4 ||    10
Dodge: Dodged            |    10 |     1 ||    11
Block: Other             |     6 |     2 ||     8
